 Dungeon Crawl Stone Soup version 0.21-a0-632-g1e37ce5 (webtiles) character file.

358790 TheGoonsmith the Severer (level 23, -3/188 HPs)
             Began as a Formicid Fighter on Dec 27, 2017.
             Was the Champion of Nemelex Xobeh.
             Killed from afar by a crystal guardian (40 damage)
             ... with a crystal bolt
             ... on level 2 of the Depths.
             The game lasted 01:46:20 (44423 turns).

TheGoonsmith the Severer (Formicid Fighter)        Turns: 44423, Time: 01:46:20

Health: -3/188     AC: 27    Str: 28      XL:     23   Next: 43%
Magic:  36/36      EV: 18    Int:  4 (6)  God:    Nemelex Xobeh [******]
Gold:   458        SH: 31    Dex: 15      Spells: 21/22 levels left

rFire    . . .     SeeInvis +   A - +6 battleaxe (flame)
rCold    + . .     Gourm    .   c - +10 large shield of Ignorance {rN+ Int-4}
rNeg     + . .     Faith    .   K - +1 scale mail "Wintikuo" {rPois}
rPois    +         Spirit   .   (helmet unavailable)
rElec    .         Reflect  .   F - +2 cloak {rC+}
rCorr    .         Harm     .   o - +1 pair of gloves of Polytheism {Str+4}
MR       ++...                  z - +2 pair of boots
Stlth    ..........             j - amulet of regeneration
HPRegen  0.81/turn              x - +5 ring of slaying
MPRegen  0.25/turn              d - ring of Robustness {AC+8}

@: no status effects
A: permanent stasis, dig shafts and tunnels, four strong arms, antennae 3,
blurry vision 1, deformed body
}: 2/15 runes: decaying, gossamer
a: Dig, Shaft Self, Triple Draw, Deal Four, Stack Five, Renounce Religion


You were on level 2 of the Depths.
You worshipped Nemelex Xobeh.
Nemelex Xobeh was exalted by your worship.
You were not hungry.

You visited 7 branches of the dungeon, and saw 37 of its levels.
You also visited: Bailey, Ice Cave and Volcano.

You collected 4354 gold pieces.
You spent 3896 gold pieces at shops.

Inventory:

Hand Weapons
 A - a +6 battleaxe of flaming (weapon)
Missiles
 i - 8 throwing nets (quivered)
Armour
 c - the +10 large shield of Ignorance (worn) {rN+ Int-4}
   (You found it on level 10 of the Dungeon)

   It affects your intelligence (-4).
   It protects you from negative energy.
 o - the +1 pair of gloves of Polytheism (worn) {Str+4}
   (You bought it in a shop on level 7 of the Dungeon)

   It affects your strength (+4).
 z - a +2 pair of boots (worn)
 F - a +2 cloak of cold resistance (worn)
 K - the +1 scale mail "Wintikuo" (worn) {rPois}
   (You found it on level 2 of the Orcish Mines)

   It protects you from poison.
 Y - a +2 cloak of fire resistance
Jewellery
 d - the ring of Robustness (right hand) {AC+8}
   (You bought it in a shop on level 9 of the Dungeon)

   [ring of protection]

   It affects your AC (+8).
 j - an amulet of regeneration (around neck)
 x - a +5 ring of slaying (left hand)
Scrolls
 h - 8 scrolls of remove curse
 n - a scroll of silence
 r - 16 scrolls of identify
 s - 7 scrolls of fear
 H - 3 scrolls of holy word
 I - 8 scrolls of fog
 M - 10 scrolls of magic mapping
 T - a scroll of summoning
Potions
 a - 3 potions of cancellation
 e - a potion of brilliance
 g - 14 potions of heal wounds
 l - 5 potions of agility
 p - 7 potions of curing
 t - 7 potions of flight
 C - a potion of invisibility
 P - 4 potions of magic
 S - 3 potions of resistance
 W - 4 potions of might
Miscellaneous
 b - a legendary deck of destruction {drawn: 3}
 m - a legendary deck of destruction
 q - an ornate deck of summoning
 u - a legendary deck of destruction
 w - an ornate deck of escape
 y - an ornate deck of summoning {drawn: 4}
 B - a legendary deck of summoning
 E - a legendary deck of destruction
 G - a legendary deck of summoning
 L - an ornate deck of summoning
 N - an ornate deck of summoning
 O - an ornate deck of destruction
 Q - a legendary deck of destruction
 R - a legendary deck of destruction
 U - an ornate deck of summoning
 X - an ornate deck of summoning
 Z - a legendary deck of destruction
Comestibles
 f - 62 rations


   Skills:
 + Level 17.5 Fighting
 - Level 20.0 Axes
 + Level 17.5 Armour
 + Level 12.0 Dodging
 - Level 15.0 Shields
 + Level 19.5 Invocations


You had 21 spell levels left.
You knew the following spells:

 Your Spells              Type           Power        Failure   Level  Hunger
a - Apportation           Tloc           #.....       67%         1    ##.....


Dungeon Overview and Level Annotations

Branches:
Dungeon (15/15)            Temple (0/1) D:6            Lair (6/6) D:8
  Swamp (4/4) Lair:4       Spider (4/4) Lair:4        Slime (0/5) Lair:6
    Orc (2/2) D:10            Elf (0/3) Orc:2        Vaults (4/5) D:14
  Crypt (0/3) Vaults:3     Depths (2/5) D:15

Altars:
Cheibriados
Dithmenos
Hepliaklqana
Makhleb
Nemelex Xobeh
Okawaru
Qazlal
Ru
Sif Muna
Trog
Uskayaw
Vehumet
Wu Jian
Beogh

Shops:
D:5 ?   D:7 [   D:9 =   Orc:1 ?   Orc:2 :[(*?   Vaults:3 !

Portals:
Hell: Depths:1
Ziggurat: Depths:1
Trove: Vaults:2 (give horn of Geryon)

Annotations:
D:10 1 runed door, exclusion: 4 orange crystal statues
Vaults:3 1 exclusion


Innate Abilities, Weirdness & Mutations

You cannot be hasted, slowed, berserked, paralysed or teleported.
You can dig through walls and to a lower floor.
Your four strong arms can wield two-handed weapons with a shield.
You have a pair of large antennae on your head. (SInv)
Scrolls take you a little longer to read.
Armour fits poorly on your strangely shaped body.


Message History

Your centaur warrior wields a shortbow.
Your centaur warrior shoots an arrow.
The arrow hits the earth elemental!
The earth elemental is destroyed!
The arrow disappears in a puff of smoke!
Your centaur warrior shoots an arrow.
The arrow hits the crystal guardian but does no damage.
The arrow disappears in a puff of smoke!
Your naga sharpshooter shoots an arrow.
The arrow hits the earth elemental!
The arrow disappears in a puff of smoke!
Your centaur warrior shoots an arrow.
The arrow hits the crystal guardian but does no damage.
The arrow disappears in a puff of smoke!
The teleport trap disappears.
The earth elemental disappears!
The crystal guardian fires a crystalline bolt at you.
The crystal bolt burns your naga sharpshooter.
Your naga sharpshooter dies!
Your naga sharpshooter's corpse disappears in a puff of smoke!
The crystal bolt burns you!
You die...
Your body glows slightly and disappears.

# { ..E.........v.. ##
.^............. .#
............... .##
.......8.v..... ..##
#§{>..# #..## ##...##
##..###################{##
##...†[†...........# #{#
##############@.§.###8#
#..§..#{.# #..c..8†.#
##########


You could see a crystal guardian and a friendly centaur warrior.

Vanquished Creatures
  An ancient lich (Depths:1)
  Bai Suzhen (Spider:4)
  2 liches (Vaults:4)
  Asterion (Vaults:1)
  The ghost of TheGoonsmith the Devastator, an adept GrFE of Vehumet (Swamp:2)
  An acid blob (shapeshifter) (Depths:2)
  A sphinx (Vaults:3)
  Roxanne (Spider:2)
  4 thorn hunters
  A shadow dragon (Depths:1)
  2 fire giants
  An iron dragon (shapeshifter) (Depths:2)
  3 orc warlords (Orc:2)
  A deep elf sorcerer (Vaults:4)
  4 vault wardens
  2 frost giants
  3 ghost moths
  5 emperor scorpions
  13 ironheart preservers
  2 war gargoyles (Depths:2)
  9 very ugly things
  9 stone giants
  An entropy weaver (Vaults:2)
  Azrael (D:12)
  A dire elephant (D:15)
  A deep elf demonologist (Vaults:4)
  A deep elf death mage (Vaults:2)
  11 spark wasps
  2 crystal guardians (Depths:2)
  4 ettins
  2 fire dragons
  15 ogre magi
  10 yaktaur captains
  2 great orbs of eyes (Vaults:4)
  A spriggan air mage (Depths:2)
  3 ice dragons
  2 vault guards
  4 rakshasas
  Harold (Lair:1)
  9 centaur warriors
  An anaconda (shapeshifter) (D:15)
  14 hydras
  2 catoblepae (Lair:6)
  A hydra (shapeshifter) (Depths:2)
  2 tengu warriors
  2 deep troll earth magi
  4 alligators
  2 deep troll shamans
  A dancing weapon (Depths:2)
  5 death knights
  2 death yaks (Lair:6)
  A vampire mage (Depths:1)
  50 two-headed ogres
  An orc high priest (Orc:1)
  2 deep elf knights (Vaults:2)
  A storm dragon skeleton (Vaults:4)
  7 skeletal warriors
  A fire crab (Spider:4)
  4 hell knights (Depths:1)
  An iron troll (shapeshifter) (Depths:2)
  An unseen horror (shapeshifter) (D:14)
  A death drake (Swamp:4)
  3 unseen horrors
  A death drake (shapeshifter) (D:14)
  15 deep trolls
  A wizard (Vaults:3)
  4 glowing orange brains (Depths:2)
  5 swamp dragons
  3 spriggan druids
  3 flayed ghosts
  5 ironbrand convokers
  A phantasmal warrior (Vaults:2)
  17 orc knights
  9 deep elf archers
  4 shambling mangroves
  3 necromancers
  A stone giant zombie (Vaults:4)
  11 orb spiders
  An orb spider (shapeshifter) (D:14)
  3 orc sorcerers
  12 deep elf magi
  40 ugly things
  A harpy (Spider:4)
  An oklob plant (Lair:6)
  33 wolf spiders
  5 manticores
  14 cyclopes
  A faun (shapeshifter) (Depths:2)
  A salamander (D:15)
  A guardian serpent (shapeshifter) (Vaults:2)
  3 moths of wrath (Spider:3)
  8 elephants (Lair:6)
  10 vault sentinels
  3 centaur zombies
  3 molten gargoyles (Depths:2)
  3 black mambas
  A guardian serpent (Spider:1)
  A spiny frog (shapeshifter) (Vaults:1)
  4 gargoyles
  A torpor snail (Spider:4)
  A rime drake (shapeshifter) (Depths:2)
  A water nymph (shapeshifter) (Depths:2)
  A kobold demonologist (D:14)
  36 yaktaurs
  12 spiny frogs
  3 rime drakes
  13 komodo dragons
  15 freezing wraiths
  5 tyrant leeches (Swamp:3)
  9 demonic crawlers
  3 wolf spider simulacra (IceCv)
  A jumping spider (shapeshifter) (Depths:1)
  2 meliai (shapeshifter)
  26 jumping spiders
  12 trolls
  A queen bee (Spider:4)
  40 hornets
  4 hippogriffs
  A fire giant simulacrum (Vaults:3)
  3 wind drakes
  6 bog bodies
  A hornet (shapeshifter) (Vaults:2)
  25 slime creatures
  17 blink frogs
  A hippogriff (shapeshifter) (D:15)
  A dream sheep (Spider:4)
  A meliai zombie (D:15)
  2 ettin zombies (Vaults:4)
  3 air elementals (Depths:2)
  16 spriggans
  A yak (shapeshifter) (Vaults:3)
  4 wyverns
  A shadow (Swamp:1)
  3 wraiths
  A vampire (D:12)
  49 redbacks
  16 tarantellas
  3 water elementals (Depths:2)
  3 fire elementals
  The ghost of schwarznadel the Ruffian, an amateur DrMo (D:3)
  6 basilisks
  3 fire bats (Lair:4)
  2 humans (D:9)
  54 yaks
  A hog (shapeshifter) (Vaults:2)
  22 vampire mosquitoes
  A death yak simulacrum (IceCv)
  Menkaure (D:6)
  23 insubstantial wisps
  12 swamp worms
  17 wargs
  2 acid dragons
  A soldier ant (Spider:4)
  13 water moccasins
  4 hell hounds (D:12)
  7 porcupines
  42 orc warriors
  12 ice beasts
  An eye of draining (shapeshifter) (Vaults:2)
  2 sky beasts
  6 swamp drakes
  42 ogres
  A tengu (Swamp:4)
  3 phantoms
  3 necrophages
  An ettin simulacrum (Vaults:2)
  13 boggarts
  21 centaurs
  3 wolves (Orc:1)
  A human skeleton (Vaults:4)
  11 crocodiles
  2 big kobolds
  23 bullfrogs
  A water moccasin zombie (D:12)
  3 earth elementals (Depths:2)
  A scorpion (D:11)
  An orc simulacrum (Vaults:2)
  2 vampire bats (D:5)
  10 killer bees
  2 wights
  4 howler monkeys
  2 bullfrog zombies
  An electric eel (Lair:1)
  7 crimson imps
  9 hounds
  4 draconian simulacra (IceCv)
  A human simulacrum (Vaults:2)
  2 jellies
  3 centaur skeletons
  3 bullfrog skeletons
  15 orc priests
  15 orc wizards
  2 iguanas (Lair:2)
  2 troll simulacra (IceCv)
  6 worker ants
  2 spriggan simulacra (IceCv)
  A centaur simulacrum (IceCv)
  2 hound zombies
  11 gnolls
  17 adders
  A naga simulacrum (IceCv)
  4 ogre simulacra (IceCv)
  A river rat (Lair:4)
  3 shadow imps
  7 white imps (IceCv)
  An adder skeleton (D:9)
  An ooze (D:7)
  2 adder zombies
  2 worms (D:3)
  A ball lightning (Depths:2)
  3 dart slugs (D:1)
  6 leopard geckos
  96 orcs
  3 ball pythons
  4 giant cockroaches
  12 goblins
  12 hobgoblins
  13 jackals
  22 kobolds
  3 quokkas
  A ball python skeleton (D:4)
  21 bats
  5 frilled lizards
  3 quokka skeletons
  6 rats
  11 briar patches (Swamp:2)
  5 bushes (D:13)
  2 crawling corpses (Vaults:2)
  3 fungi (Lair:6)
  3 plants
1567 creatures vanquished.

Vanquished Creatures (collateral kills)
  Margery (Depths:1)
  Nikola (Spider:2)
  A thorn hunter (Swamp:4)
  2 orc warlords (Orc:2)
  An emperor scorpion (shapeshifter) (Depths:2)
  2 very ugly things
  A stone giant (Depths:1)
  A war gargoyle (Depths:2)
  An entropy weaver (Spider:4)
  3 ettins
  A crystal guardian (Depths:2)
  An ice dragon (Depths:1)
  Erolcha (D:9)
  2 hydras
  A ghost crab (Swamp:2)
  Erica (D:9)
  A catoblepas (Lair:6)
  4 two-headed ogres
  3 death yaks (Lair:6)
  A queen ant (Swamp:4)
  Urug (Lair:3)
  A deep elf knight (Vaults:4)
  2 orc high priests
  Nergalle (Orc:1)
  A hell knight (Volcano)
  A swamp dragon (Spider:1)
  2 orc knights (Orc:2)
  7 orb spiders
  3 wolf spiders (Spider:4)
  A deep elf mage (Vaults:4)
  3 orc sorcerers (Orc:2)
  3 oklob plants (Lair:6)
  A manticore (Lair:6)
  An elephant (Lair:6)
  3 cyclopes (Orc:1)
  A moth of wrath (Spider:4)
  An ice statue (IceCv)
  A spiny frog (Swamp:2)
  A freezing wraith (IceCv)
  2 demonic crawlers (Spider:1)
  2 trolls
  2 wandering mushrooms (Lair:6)
  A jumping spider (Spider:4)
  2 dream sheep (D:10)
  Grinder (D:4)
  2 blink frogs (Lair:3)
  9 redbacks
  3 tarantellas (Spider:4)
  19 yaks
  A fire elemental (Depths:2)
  3 wargs
  A swamp worm (Swamp:2)
  A soldier ant (Spider:1)
  A water moccasin (Swamp:4)
  25 orc warriors
  4 ice beasts
  A porcupine (Lair:1)
  4 ogres
  2 phantoms
  A crocodile (Lair:6)
  3 big kobolds (D:10)
  2 bullfrogs
  2 earth elementals (Depths:2)
  A scorpion (D:8)
  2 killer bees (D:8)
  2 wights (D:11)
  A crimson imp (D:5)
  A jelly (D:2)
  5 orc priests
  5 orc wizards
  A worker ant (D:8)
  A troll simulacrum (IceCv)
  2 gnolls (D:3)
  A naga simulacrum (IceCv)
  An ogre simulacrum (IceCv)
  3 white imps (IceCv)
  24 orcs
  A bat (D:5)
  8 kobolds (Bailey)
  7 briar patches (Swamp:4)
  4 fungi (Lair:6)
  2 plants
231 creatures vanquished.

Vanquished Creatures (others)
  2 ghost moths
  An emperor scorpion (Spider:1)
  A very ugly thing (Depths:2)
  2 alligators
  A spriggan druid (Swamp:2)
  A glowing orange brain (Depths:2)
  A wolf spider (Spider:4)
  5 cyclopes
  An oklob plant (Lair:6)
  An ugly thing (Depths:2)
  A black mamba (Lair:6)
  A moth of wrath (Swamp:4)
  A redback (Spider:4)
  A fire elemental (Depths:2)
  A tarantella (Spider:4)
  4 yaks (Lair:6)
  An insubstantial wisp (Depths:2)
  3 ice beasts (IceCv)
  A swamp drake (Swamp:4)
  An orc warrior (Orc:2)
  A wolf (Swamp:4)
  4 killer bees (D:10)
  A howler monkey (Swamp:4)
  An orc wizard (Orc:1)
  A troll simulacrum (IceCv)
  A naga simulacrum (IceCv)
  An ogre simulacrum (IceCv)
  2 white imps (IceCv)
  11 ball lightnings
  3 orcs (Orc:1)
  A bush (D:13)
  7 fungi
  19 plants
84 creatures vanquished.

Grand Total: 1882 creatures vanquished

Notes
Turn   | Place    | Note
-------+----------+-------------------------------------------
     0 | D:1      | TheGoonsmith the Formicid Fighter began the quest for the Orb.
     0 | D:1      | Reached XP level 1. HP: 18/18 MP: 1/1
    57 | D:1      | Reached XP level 2. HP: 15/24 MP: 2/2
   233 | D:1      | Reached XP level 3. HP: 29/29 MP: 3/3
   323 | D:1      | Reached skill level 3 in Axes
   618 | D:1      | Found a sparkling altar of Nemelex Xobeh.
   630 | D:1      | Became a worshipper of Nemelex Xobeh the Trickster
   677 | D:1      | Received a gift from Nemelex Xobeh
   873 | D:2      | Reached XP level 4. HP: 37/37 MP: 4/4
  1071 | D:2      | Reached XP level 5. HP: 17/42 MP: 5/5
  1834 | D:3      | Reached skill level 4 in Axes
  1839 | D:3      | Noticed an ogre
  2066 | D:3      | Noticed schwarznadel's ghost (amateur DrMo)
  2078 | D:3      | Killed schwarznadel's ghost
  2078 | D:3      | Reached skill level 5 in Shields
  2078 | D:3      | Reached skill level 1 in Invocations
  2078 | D:3      | Reached XP level 6. HP: 44/49 MP: 5/7
  2151 | D:3      | Reached * piety under Nemelex Xobeh
  2280 | D:3      | Received a gift from Nemelex Xobeh
  2732 | D:4      | Found a hide-covered altar of Uskayaw.
  2811 | D:4      | Reached XP level 7. HP: 55/55 MP: 8/8
  2832 | D:4      | Reached skill level 5 in Axes
  2853 | D:4      | Reached skill level 5 in Fighting
  3080 | D:4      | Found a hazy altar of Hepliaklqana.
  3102 | D:4      | Found a stormy altar of Qazlal.
  3409 | D:4      | Received a gift from Nemelex Xobeh
  3570 | D:4      | Found a snail-covered altar of Cheibriados.
  3606 | D:4      | Reached ** piety under Nemelex Xobeh
  3677 | D:4      | Found a shadowy altar of Dithmenos.
  3677 | D:4      | Noticed Grinder
  3704 | D:4      | Killed Grinder
  3704 | D:4      | Reached XP level 8. HP: 20/62 MP: 10/10
  4137 | D:5      | Entered Level 5 of the Dungeon
  4169 | D:5      | Reached skill level 6 in Axes
  4190 | D:5      | Noticed a wyvern
  4203 | D:5      | Killed a wyvern
  4517 | D:5      | Found Dargh's Magic Scroll Emporium.
  4540 | D:5      | Got a faintly humming chain mail
  4541 | D:5      | Identified the +5 chain mail "Zicuat Ryeph" {+Blink rF+ Str-4} (You found it on level 5 of the Dungeon)
  4848 | D:5      | Reached skill level 7 in Axes
  4858 | D:5      | Found the +4 Vampire's Tooth {vamp}
  4868 | D:5      | Reached XP level 9. HP: 68/69 MP: 12/12
  5053 | D:5      | Found a deep blue altar of Sif Muna.
  5151 | D:6      | Received a gift from Nemelex Xobeh
  5173 | D:6      | Found an ornate altar of the Wu Jian Council.
  5312 | D:6      | Noticed Menkaure
  5319 | D:6      | Killed Menkaure
  5389 | D:6      | Reached skill level 5 in Invocations
  5403 | D:6      | Found a staircase to the Ecumenical Temple.
  5431 | D:6      | Reached *** piety under Nemelex Xobeh
  5564 | D:6      | Received a gift from Nemelex Xobeh
  5785 | D:7      | Reached skill level 8 in Axes
  5962 | D:7      | Found Vikonih's Antique Armour Shoppe.
  5993 | D:7      | Bought a pair of spiked gloves for 247 gold pieces
  5993 | D:7      | Bought a pair of boots for 117 gold pieces
  6008 | D:7      | Identified the +1 pair of gloves of Polytheism {Str+4} (You bought it in a shop on level 7 of the Dungeon)
  6358 | D:7      | Received a gift from Nemelex Xobeh
  6693 | D:8      | Found a burning altar of Makhleb.
  6706 | D:8      | Reached skill level 9 in Axes
  6821 | D:8      | Reached XP level 10. HP: 54/76 MP: 14/14
  7114 | D:8      | Found a roughly hewn altar of Beogh.
  7313 | D:8      | Received a gift from Nemelex Xobeh
  7406 | D:8      | Found a staircase to the Lair.
  7408 | D:8      | Reached skill level 10 in Axes
  7569 | D:8      | Found a bloodstained altar of Trog.
  7569 | D:8      | Found a radiant altar of Vehumet.
  7682 | D:9      | Reached **** piety under Nemelex Xobeh
  7682 | D:9      | Noticed a two-headed ogre
  7691 | D:9      | Killed a two-headed ogre
  7698 | D:9      | Received a gift from Nemelex Xobeh
  7743 | D:9      | Found an iron altar of Okawaru.
  7762 | D:9      | Reached skill level 11 in Axes
  7828 | D:9      | Noticed Erolcha
  7836 | D:9      | Killed Erolcha
  7937 | D:9      | Noticed a two-headed ogre
  7944 | D:9      | Killed a two-headed ogre
  7944 | D:9      | Reached skill level 12 in Axes
  7944 | D:9      | Reached XP level 11. HP: 75/81 MP: 15/15
  7982 | D:9      | Found a sacrificial altar of Ru.
  7989 | D:9      | Noticed Erica
  8018 | D:9      | Killed Erica
  8018 | D:9      | Reached skill level 1 in Dodging
  8456 | D:9      | Found Xoetiuha's Jewellery Emporium.
  8665 | D:10     | Entered Level 10 of the Dungeon
  8871 | D:10     | Found a runed door.
  8892 | D:10     | Reached skill level 5 in Armour
  8915 | D:10     | Noticed a two-headed ogre
  8921 | D:10     | Killed a two-headed ogre
  9141 | D:10     | Noticed a three-headed hydra
  9149 | D:10     | Killed a three-headed hydra
  9179 | D:10     | Found a staircase to the Orcish Mines.
  9394 | D:10     | Found a runed door.
  9395 | D:10     | Noticed an orange crystal statue
  9396 | D:10     | Found the +10 large shield of Ignorance {rN+ Int-4}
  9420 | D:10     | Noticed a purple ugly thing
  9420 | D:10     | Noticed an orange crystal statue
  9420 | D:10     | Noticed an orange crystal statue
  9420 | D:10     | Noticed an orange crystal statue
  9420 | D:10     | Noticed an unseen horror
  9443 | D:10     | Noticed a two-headed ogre
  9443 | D:10     | Lost intelligence.
  9447 | D:10     | Noticed a two-headed ogre
  9684 | D:10     | Noticed a purple ugly thing
  9690 | D:10     | Killed a purple ugly thing
  9855 | Lair:1   | Entered Level 1 of the Lair of Beasts
  9855 | Lair:1   | Received a gift from Nemelex Xobeh
  9891 | Lair:1   | Reached XP level 12. HP: 79/91 MP: 17/17
 10462 | Lair:1   | Noticed Harold
 10480 | Lair:1   | Killed Harold
 10488 | Lair:1   | Reached skill level 13 in Axes
 11004 | Lair:1   | Received a gift from Nemelex Xobeh
 11163 | Lair:1   | Reached ***** piety under Nemelex Xobeh
 11398 | Lair:1   | Noticed an eight-headed hydra
 11412 | Lair:1   | Killed a one-headed hydra
 13565 | Lair:3   | Received a gift from Nemelex Xobeh
 13578 | Lair:3   | Reached XP level 13. HP: 70/101 MP: 20/20
 13891 | Lair:3   | Noticed Urug
 13898 | Lair:3   | Killed Urug
 14320 | Lair:4   | Received a gift from Nemelex Xobeh
 14328 | Lair:4   | Reached skill level 10 in Invocations
 14386 | Lair:4   | Found a dark tunnel.
 14398 | Volcano  | Entered a volcano
 14414 | Volcano  | Noticed an ogre mage
 14416 | Volcano  | Killed an ogre mage
 14419 | Volcano  | Found a burning altar of Makhleb.
 14429 | Volcano  | Reached skill level 10 in Fighting
 14436 | Volcano  | Reached skill level 14 in Axes
 14646 | Lair:4   | Received a gift from Nemelex Xobeh
 14740 | Lair:4   | Found a hole to the Spider Nest.
 14816 | Lair:4   | Received a gift from Nemelex Xobeh
 14982 | Lair:4   | Found a staircase to the Swamp.
 15548 | Lair:5   | Received a gift from Nemelex Xobeh
 15558 | Lair:5   | Reached skill level 15 in Axes
 15665 | Lair:5   | Reached ****** piety under Nemelex Xobeh
 16069 | Lair:5   | Received a gift from Nemelex Xobeh
 16592 | Lair:6   | Entered Level 6 of the Lair of Beasts
 16609 | Lair:6   | Reached XP level 14. HP: 110/110 MP: 21/21
 16612 | Lair:6   | Reached skill level 16 in Axes
 16627 | Lair:6   | Found a frozen archway.
 16641 | IceCv    | Entered an ice cave
 16651 | IceCv    | HP: 4/110 [death yak simulacrum (18)]
 17364 | IceCv    | Found an ancient bone altar of Kikubaaqudgha.
 17670 | IceCv    | Received a gift from Nemelex Xobeh
 18084 | Lair:6   | Reached skill level 5 in Dodging
 18514 | Lair:6   | Received a gift from Nemelex Xobeh
 19347 | Lair:6   | Found a staircase to the Slime Pits.
 19792 | Lair:6   | Got a scorched shield
 19804 | Lair:6   | Identified the cursed +0 shield "Cip Boz" {-Tele rCorr Int+8 Stlth+} (You found it on level 6 of the Lair of Beasts)
 20136 | Lair:6   | Reached XP level 15. HP: 91/119 MP: 23/23
 20629 | D:10     | You fall through a shaft!
 20644 | D:11     | Received a gift from Nemelex Xobeh
 20705 | D:11     | Found a flagged portal.
 20761 | Bailey   | Entered a bailey
 21143 | D:11     | Reached skill level 10 in Armour
 21543 | D:11     | Found a hide-covered altar of Uskayaw.
 21545 | D:11     | Received a gift from Nemelex Xobeh
 21872 | Orc:1    | Entered Level 1 of the Orcish Mines
 21878 | Orc:1    | Noticed Nergalle
 21888 | Orc:1    | Killed Nergalle
 22402 | Orc:1    | Received a gift from Nemelex Xobeh
 22960 | Orc:1    | Noticed a stone giant
 22972 | Orc:1    | Killed a stone giant
 23493 | D:10     | You fall through a shaft!
 23652 | Orc:1    | Received a gift from Nemelex Xobeh
 23849 | Orc:1    | Found Inept's Magic Scroll Boutique.
 24093 | Orc:1    | Found the +7 great mace "Undeadhunter" {disrupt, rN+}
 24392 | Orc:2    | Entered Level 2 of the Orcish Mines
 24392 | Orc:2    | Received a gift from Nemelex Xobeh
 24516 | Orc:2    | Found a roughly hewn altar of Beogh.
 24619 | Orc:2    | Received a gift from Nemelex Xobeh
 24643 | Orc:2    | Noticed an orc warlord
 24659 | Orc:2    | Killed an orc warlord
 24772 | Orc:2    | Noticed an orc warlord
 24790 | Orc:2    | Killed an orc warlord
 24827 | Orc:2    | Found Gilughoxt's Magic Scroll Emporium.
 25279 | Orc:2    | Found a roughly hewn altar of Beogh.
 25285 | Orc:2    | Noticed an orc warlord
 25293 | Orc:2    | Found Odooth's Antique Weapon Boutique.
 25320 | Orc:2    | Killed an orc warlord
 25527 | Orc:2    | Found Zoibi's General Store.
 25536 | Orc:2    | Found Qeox's Antique Armour Boutique.
 25595 | Orc:2    | Found a staircase to the Elven Halls.
 25775 | Orc:2    | Noticed an orc warlord
 25805 | Orc:2    | Killed an orc warlord
 25805 | Orc:2    | Reached XP level 16. HP: 66/129 MP: 25/25
 26284 | Orc:2    | Got a warped scale mail
 26295 | Orc:2    | Identified the cursed +1 scale mail "Wintikuo" {rPois} (You found it on level 2 of the Orcish Mines)
 26295 | Orc:2    | Identified a scroll of acquirement
 26339 | Orc:2    | Received a gift from Nemelex Xobeh
 26463 | Orc:2    | Found Orest's Book Boutique.
 26578 | Orc:2    | Bought a scorched cloak for 237 gold pieces
 26596 | Orc:2    | Identified the +0 cloak of the Depths {rElec Str+2} (You bought it in a shop on level 2 of the Orcish Mines)
 26696 | D:9      | Bought the ring of Robustness {AC+8} for 1664 gold pieces
 26696 | D:9      | Found the ring of Robustness {AC+8}
 26696 | D:9      | Bought an uncursed amulet of regeneration for 390 gold pieces
 26777 | Orc:1    | Bought a scroll of enchant weapon for 97 gold pieces
 26819 | Orc:2    | Bought a scroll of enchant weapon for 105 gold pieces
 26955 | D:12     | Noticed Azrael
 26966 | D:12     | Reached skill level 10 in Shields
 26978 | D:12     | Killed Azrael
 27424 | D:12     | Received a gift from Nemelex Xobeh
 28368 | D:13     | Received a gift from Nemelex Xobeh
 28888 | D:14     | Received a gift from Nemelex Xobeh
 29036 | D:14     | Received a gift from Nemelex Xobeh
 29333 | D:14     | Learned a level 1 spell: Apportation
 29448 | D:14     | Found a gate to the Vaults.
 29483 | D:15     | Entered Level 15 of the Dungeon
 29577 | D:15     | Received a gift from Nemelex Xobeh
 29952 | D:15     | Reached XP level 17. HP: 120/138 MP: 27/27
 30075 | D:15     | Found a staircase to the Depths.
 30368 | Spider:1 | Entered Level 1 of the Spider Nest
 30371 | Spider:1 | Received a gift from Nemelex Xobeh
 30996 | Spider:1 | Reached skill level 15 in Invocations
 31258 | Spider:2 | Received a gift from Nemelex Xobeh
 31389 | Spider:2 | Noticed Roxanne
 31410 | Spider:2 | Killed Roxanne
 31525 | Spider:2 | Received a gift from Nemelex Xobeh
 31596 | Spider:2 | Noticed Nikola
 31626 | Spider:2 | Killed Nikola
 32175 | Spider:3 | Reached skill level 17 in Axes
 32271 | Spider:3 | Received a gift from Nemelex Xobeh
 32705 | Spider:3 | Received a gift from Nemelex Xobeh
 32955 | Spider:4 | Entered Level 4 of the Spider Nest
 32990 | Spider:4 | Received a gift from Nemelex Xobeh
 33036 | Spider:4 | Reached XP level 18. HP: 143/146 MP: 29/29
 33104 | Spider:4 | Noticed Bai Suzhen
 33135 | Spider:4 | Killed Bai Suzhen
 33418 | Spider:4 | Reached skill level 15 in Shields
 33515 | Spider:4 | Reached skill level 18 in Axes
 33563 | Spider:4 | Received a gift from Nemelex Xobeh
 33904 | Spider:4 | Received a gift from Nemelex Xobeh
 33946 | Spider:4 | Got a gossamer rune of Zot
 34253 | Swamp:1  | Entered Level 1 of the Swamp
 34572 | Swamp:1  | Received a gift from Nemelex Xobeh
 34942 | Swamp:2  | Reached skill level 19 in Axes
 35125 | Swamp:2  | Received a gift from Nemelex Xobeh
 35164 | Swamp:2  | Reached XP level 19. HP: 126/152 MP: 30/30
 35317 | Swamp:2  | Noticed TheGoonsmith's ghost (adept GrFE)
 35337 | Swamp:2  | Killed TheGoonsmith's ghost
 35738 | Swamp:3  | Received a gift from Nemelex Xobeh
 36118 | Swamp:3  | Reached skill level 20 in Axes
 36464 | Swamp:4  | Entered Level 4 of the Swamp
 36806 | Swamp:4  | Received a gift from Nemelex Xobeh
 37004 | Swamp:4  | Got a decaying rune of Zot
 37257 | Swamp:4  | Received a gift from Nemelex Xobeh
 37467 | Lair:4   | You fall through a shaft for 2 floors!
 37660 | Orc:2    | Bought a scroll of enchant weapon for 105 gold pieces
 37688 | Orc:1    | Bought a scroll of identify for 26 gold pieces
 37688 | Orc:1    | Bought a scroll of identify for 26 gold pieces
 37688 | Orc:1    | Bought a scroll of identify for 26 gold pieces
 37688 | Orc:1    | Bought a scroll of magic mapping for 45 gold pieces
 37688 | Orc:1    | Bought a scroll of identify for 26 gold pieces
 37688 | Orc:1    | Bought 3 scrolls of identify for 78 gold pieces
 37688 | Orc:1    | Bought 3 scrolls of magic mapping for 136 gold pieces
 37688 | Orc:1    | Bought a scroll of magic mapping for 45 gold pieces
 37688 | Orc:1    | Bought a scroll of magic mapping for 45 gold pieces
 37688 | Orc:1    | Bought a scroll of identify for 26 gold pieces
 37730 | Orc:2    | Bought a potion of heal wounds for 70 gold pieces
 37730 | Orc:2    | Bought a potion of heal wounds for 70 gold pieces
 37984 | Vaults:1 | Entered Level 1 of the Vaults
 38371 | Vaults:1 | Reached XP level 20. HP: 138/160 MP: 31/31
 38439 | Vaults:1 | Noticed Asterion
 38451 | Vaults:1 | Killed Asterion
 38904 | Vaults:1 | Received a gift from Nemelex Xobeh
 39285 | Vaults:2 | Received a gift from Nemelex Xobeh
 39314 | Vaults:2 | Reached skill level 15 in Fighting
 39627 | Vaults:2 | Reached skill level 10 in Dodging
 39848 | Vaults:2 | Found a portal to a secret trove of treasure.
 40130 | Vaults:2 | Received a gift from Nemelex Xobeh
 40350 | Vaults:3 | Reached XP level 21. HP: 170/170 MP: 33/33
 40817 | Vaults:3 | Found a staircase to the Crypt.
 40906 | Vaults:3 | Received a gift from Nemelex Xobeh
 40938 | Vaults:3 | Found Soafabirph's Distillery.
 40957 | Vaults:3 | Reached skill level 15 in Armour
 40966 | Vaults:3 | Bought a potion of agility for 60 gold pieces
 40966 | Vaults:3 | Bought a potion of curing for 45 gold pieces
 40966 | Vaults:3 | Bought a potion of might for 60 gold pieces
 40966 | Vaults:3 | Bought 2 potions of heal wounds for 150 gold pieces
 41512 | Vaults:4 | Received a gift from Nemelex Xobeh
 41760 | Vaults:4 | Reached XP level 22. HP: 160/178 MP: 35/35
 42059 | Vaults:4 | Received a gift from Nemelex Xobeh
 42222 | Vaults:4 | Identified the Guide on the Ashen Entourage
 42848 | Depths:1 | Entered Level 1 of the Depths
 42909 | Depths:1 | Received a gift from Nemelex Xobeh
 42982 | Depths:1 | Noticed Margery
 43010 | Depths:1 | HP: 1/180 [Margery/bolt of fire (42)]
 43010 | Depths:1 | Killed Margery
 43451 | Depths:1 | Found a gateway to a ziggurat.
 43451 | Depths:1 | Noticed an ancient lich
 43463 | Depths:1 | Killed an ancient lich
 43463 | Depths:1 | Reached XP level 23. HP: 98/187 MP: 36/36
 43726 | Depths:1 | Found a gateway to Hell.
 44131 | Depths:2 | Received a gift from Nemelex Xobeh
 44333 | Depths:2 | Gained mutation: Armour fits poorly on your strangely shaped body. [the power of Zot]
 44333 | Depths:2 | Gained mutation: Scrolls take you a little longer to read. [the power of Zot]
 44377 | Depths:2 | Noticed a golden dragon
 44377 | Depths:2 | an iron dragon changed into a golden dragon
 44378 | Depths:2 | a golden dragon changed into a shadow dragon
 44423 | Depths:2 | Killed from afar by a crystal guardian

Vault maps used:
D:1:      mrwooster_arrival_arrow, nemelex_altar_shiori
D:3:      cheibrodos_helix_gallery, lightli_corner_chamber
D:4:      minmay_door_path, old_standard_altar, kennysheep_mini_moat,
          lemuel_crystal_altar, kennysheep_mini, first_ration,
          nicolae_dithmenos_through_a_glass_darkly, uniq_grinder
D:5:      lemuel_blue_sif_altar, serial_shops, nicolae_shop_trees,
          minmay_guarded_unrand_vampires_tooth
D:6:      nicolae_overflow_crystal_walls, minmay_temple_entry_glassed_door,
          uniq_menkaure
D:7:      serial_shops, nicolae_shop_waterfront
D:8:      makhleb_heckhound_becter, gammafunk_temple_overflow_elements,
          erik_lair_orcish_takeover, special_room, serial_park_tiny_2
D:9:      okawaru_humans, nicolae_ru_great_annihilating_truth, serial_shops,
          nicolae_shop_behind_doors, uniq_erica, uniq_erolcha
D:10:     orc_0_dummy, hangedman_ranch, minivault_24, eino_curves_01,
          small_chamber_with_monster, chequers_guarded_unrand_ignorance
D:11:     basic_altar, enter_bailey_7, minivault_26,
          nicolae_straight_to_the_point
D:12:     kennysheep_generic_room_13, uniq_azrael
D:13:     minmay_hedge_maze
D:14:     david_vaults_4, hangedman_abyss_or_decor_passed
D:15:     hangedman_depths_entry_try_elsewhere_first, minivault_23
Lair:1:   infiniplex_staircase_pool_2, grunt_megastairs_1, serial_bayou_shore_a,
          uniq_harold
Lair:2:   beast_lair_carwin_large_1
Lair:3:   uniq_urug
Lair:4:   minmay_swamp_entry_eels, spider_nest_entry_web_field,
          nicolae_volcano_entry_batcave
Lair:6:   evilmike_catoblepas_cave, minmay_slime_entry_oklob_enclosed,
          portal_ice_cave_entry_ice_beasts, serial_bayou_lagoon_a,
          lemuel_fruit_fields
Swamp:1:  hangedman_swamp_pad
Swamp:2:  evilmike_swamp_ruin_house_6
Swamp:3:  evilmike_swamp_ruin_rubble_2, swamp_pool3, statue_in_the_mist_lemuel
Swamp:4:  swamp
Spider:1: cheibrodos_forgotten_conduit, spiders_nest_hornet_nest
Spider:2: uniq_roxanne, uniq_nikola
Spider:4: grunt_spider_rune_parallel, uniq_bai_suzhen
Orc:1:    giant_chief_lemuel, serial_shops, shop_statue, nicolae_orc_rockfall,
          lightli_orcish_oven, uniq_nergalle
Orc:2:    grunt_orc_cross, basic_altar, serial_shops, shop, minmay_orc_treasury
Vaults:1: v_misc_4, hangedman_vaults_corner_blocks, vaults_room_pool,
          nicolae_vaults_little_squares_2, nicolae_vaults_rhombus_6,
          grunt_vaults_funnel, v_misc_23, ontoclasm_vaults_eye,
          ontoclasm_vaults_loading_screen, nicolae_vaults_three_branches,
          ontoclasm_vaults_decontamination, uniq_asterion
Vaults:2: vaults_standard_mumra_enter_the_diamond, ontoclasm_vaults_fault,
          nicolae_vaults_circle_grid_a, stair_cage_open, v_misc_4,
          hangedman_vaults_trim, vaults_mumra_hex, hangedman_vaults_trim,
          vaults_room_pool, hangedman_vaults_snaps, enter_trove_3
Vaults:3: vaults_room_fours, v_misc_11, blue_anna_dwarven_crypt, v_pattern_1,
          v_misc_33, v_alt_pattern_6, vaults_room_large_hall,
          hangedman_vaults_river_flow, nicolae_vaults_circle_grid_a,
          nicolae_vaults_back_hallway, nicolae_vaults_specimen_jars,
          v_alt_pattern_1, ontoclasm_vaults_echo, serial_shops, shop
Vaults:4: v_misc_15, v_rooms_4, nicolae_vaults_little_squares_6, v_misc_18,
          nicolae_vaults_diagonal_hallway_6, v_misc_4, hangedman_vaults_locks,
          hangedman_vaults_stream
Depths:1: enter_ziggurat_d, grunt_metal_band, hangedman_decor_diamond_cutter,
          grunt_decor_clamped, kb_rosetta
Depths:2: radiant_caverns_b_rkd, hell_entry, serial_shops
Bailey:   bailey_axe_1, bailey
IceCv:    ice_cave_small_necro
Volcano:  kennysheep_volcano_temple

Skill      XL: |  1  2  3  4  5  6  7  8  9 10 11 12 13 14 15 16 17 18 19 20 21 22 23 |
---------------+----------------------------------------------------------------------+-----
Shields        | 4 5 6 8 9 11 14 15 | 15.0
Axes           | 3 4 5 7 9 12 13 15 16 17 19 20 | 20.0
Fighting       | 4 5 6 7 9 10 11 12 13 14 15 16 17 | 17.5
Invocations    | 1 2 3 4 6 7 9 10 11 12 14 15 16 18 19 | 19.5
Dodging        | 3 4 6 8 9 10 11 12 | 12.0
Armour         | 5 7 8 9 11 12 14 16 17 | 17.5

Action                   |  1- 3 |  4- 6 |  7- 9 | 10-12 | 13-15 | 16-18 | 19-21 | 22-24 || total
-------------------------+-------+-------+-------+-------+-------+-------+-------+-------++-------
Melee: War axe           |    87 |   147 |   329 |   484 |  1023 |     4 |       |       ||  2074
       Hand axe          |       |       |       |    11 |       |       |       |       ||    11
       Battleaxe         |       |       |       |       |       |  1011 |  1073 |   503 ||  2587
Invok: Deal Four         |       |       |       |       |     1 |       |       |       ||     1
 Abil: Dig               |       |     1 |       |       |     4 |     2 |       |     1 ||     8
       Shaft Self        |       |       |       |       |     2 |       |       |       ||     2
Evoke: Deck              |       |     4 |     6 |    33 |   101 |    22 |    20 |     7 ||   193
  Use: Potion            |       |     1 |       |     1 |     9 |     1 |     1 |     2 ||    15
       Scroll            |       |    11 |     8 |     3 |    17 |    16 |     2 |     1 ||    58
 Stab: Petrified         |       |       |       |     3 |     8 |     1 |       |       ||    12
       Paralysed         |       |       |       |     2 |     1 |       |       |       ||     3
       Distracted        |       |       |       |       |     8 |     2 |     2 |       ||    12
       Petrifying        |       |       |       |       |     1 |     1 |       |       ||     2
       Fleeing           |       |       |       |       |     2 |       |       |       ||     2
       Confused          |       |       |       |       |     1 |       |       |       ||     1
  Eat: Chunk             |       |     7 |    13 |    15 |    26 |    18 |    19 |     9 ||   107
       Ration            |       |       |       |     3 |     4 |     4 |     1 |       ||    12
Armor: Scale mail        |    59 |    74 |    28 |       |       |   223 |   141 |    69 ||   594
       Chain mail        |       |       |   130 |   202 |   368 |    91 |       |       ||   791
Dodge: Dodged            |    36 |    52 |    88 |   129 |   394 |   268 |   180 |   104 ||  1251
Block: Shield            |    49 |    92 |   180 |   259 |   456 |     2 |       |       ||  1038
       Large shield      |       |       |       |       |       |  1444 |  1078 |   496 ||  3018

Table legend:
 A = Spawn XP
 B = Non-spawn XP
 C = Spawn XP percentage of total XP
 D = Spawn monster count
 E = Non-spawn monster count
 F = Spawn count percentage of total count
 G = Total turns spent on level
                    A         B        C        D         E        F      G
               +---------+---------+-------+---------+---------+-------+---------
         Total |       0 |  639475 |   0.0 |       0 |    1800 |   0.0 | 44423
               +---------+---------+-------+---------+---------+-------+---------
           D:1 |       0 |      67 |   0.0 |       0 |      34 |   0.0 |   872
           D:2 |       0 |     118 |   0.0 |       0 |      17 |   0.0 |   892
           D:3 |       0 |     325 |   0.0 |       0 |      28 |   0.0 |   997
           D:4 |       0 |     582 |   0.0 |       0 |      17 |   0.0 |  1376
           D:5 |       0 |     919 |   0.0 |       0 |      32 |   0.0 |   975
           D:6 |       0 |     380 |   0.0 |       0 |       7 |   0.0 |   579
           D:7 |       0 |    1019 |   0.0 |       0 |      28 |   0.0 |  1002
           D:8 |       0 |    1780 |   0.0 |       0 |      58 |   0.0 |  1141
           D:9 |       0 |    5200 |   0.0 |       0 |      28 |   0.0 |  1196
          D:10 |       0 |    4811 |   0.0 |       0 |      33 |   0.0 |  1964
          D:11 |       0 |    2683 |   0.0 |       0 |      28 |   0.0 |  1060
          D:12 |       0 |    6069 |   0.0 |       0 |      31 |   0.0 |  1260
          D:13 |       0 |    9401 |   0.0 |       0 |      39 |   0.0 |   624
          D:14 |       0 |   12785 |   0.0 |       0 |      37 |   0.0 |   860
          D:15 |       0 |   17126 |   0.0 |       0 |      40 |   0.0 |   684
        Lair:1 |       0 |    5653 |   0.0 |       0 |      26 |   0.0 |  2172
        Lair:2 |       0 |    4355 |   0.0 |       0 |      23 |   0.0 |  1452
        Lair:3 |       0 |    3260 |   0.0 |       0 |      11 |   0.0 |  1172
        Lair:4 |       0 |    3862 |   0.0 |       0 |      23 |   0.0 |  1504
        Lair:5 |       0 |    7092 |   0.0 |       0 |      31 |   0.0 |  1075
        Lair:6 |       0 |   21930 |   0.0 |       0 |      79 |   0.0 |  2469
       Swamp:1 |       0 |    7437 |   0.0 |       0 |      27 |   0.0 |   644
       Swamp:2 |       0 |   17354 |   0.0 |       0 |      37 |   0.0 |   727
       Swamp:3 |       0 |   22163 |   0.0 |       0 |      56 |   0.0 |  1102
       Swamp:4 |       0 |   26938 |   0.0 |       0 |      59 |   0.0 |   711
      Spider:1 |       0 |   23941 |   0.0 |       0 |      73 |   0.0 |   570
      Spider:2 |       0 |    7633 |   0.0 |       0 |      10 |   0.0 |   604
      Spider:3 |       0 |   12323 |   0.0 |       0 |      30 |   0.0 |  1279
      Spider:4 |       0 |   48055 |   0.0 |       0 |     101 |   0.0 |   919
         Orc:1 |       0 |   17129 |   0.0 |       0 |      76 |   0.0 |  2412
         Orc:2 |       0 |   18133 |   0.0 |       0 |     104 |   0.0 |  2020
      Vaults:1 |       0 |   31600 |   0.0 |       0 |      58 |   0.0 |  1302
      Vaults:2 |       0 |   57737 |   0.0 |       0 |      94 |   0.0 |  1120
      Vaults:3 |       0 |   60060 |   0.0 |       0 |     102 |   0.0 |  1189
      Vaults:4 |       0 |   74721 |   0.0 |       0 |      97 |   0.0 |  1185
      Depths:1 |       0 |   57368 |   0.0 |       0 |      72 |   0.0 |  1218
      Depths:2 |       0 |   34133 |   0.0 |       0 |      60 |   0.0 |   357
        Bailey |       0 |     703 |   0.0 |       0 |      32 |   0.0 |   164
         IceCv |       0 |    6624 |   0.0 |       0 |      54 |   0.0 |  1393
       Volcano |       0 |    6006 |   0.0 |       0 |       8 |   0.0 |   181
               +---------+---------+-------+---------+---------+-------+---------
